 Dungeon Crawl Stone Soup version 0.27-a0-531-gb72ec1a1b6 (webtiles) character file.

Game seed: 4089503596093428348

128 HendSelp the Caller (level 5, -13/55 HPs)
             Began as a Gnoll Summoner on Mar 5, 2021.
             Mangled by Crazy Yiuf
             ... wielding a +4 quarterstaff of chaos
              (16 damage)
             ... on level 3 of the Dungeon.
             The game lasted 00:14:40 (7619 turns).

HendSelp the Caller (Gnoll Summoner)                Turns: 7619, Time: 00:14:41

Health: -13/55     AC: 22    Str:  7    XL:     5   Next: 12%
Magic:  0/12       EV:  2    Int: 16    God:
Gold:   220        SH:  0    Dex: 12    Spells: 11/14 levels left

rFire    . . .     SeeInvis .     - Unarmed
rCold    . . .     Faith    .   (no shield)
rNeg     + + +     Spirit   .   (armour currently unavailable)
rPois    +         Reflect  .   (helmet currently unavailable)
rElec    .         Harm     .   (cloak currently unavailable)
rCorr    .         Rampage  .   (gloves currently unavailable)
Will     .....     NoTele   +   (boots currently unavailable)
Stlth    +++.......             (no amulet)
HPRegen  0.18/turn              (no ring)
MPRegen  0.13/turn              (no ring)

@: lethally poisoned (-13 -> -22), tree-form, very slightly contaminated,
invisible
A: strong nose, distributed training
a: no special abilities


You were on level 3 of the Dungeon.
You were a tree.
You visited 1 branch of the dungeon, and saw 3 of its levels.

You collected 220 gold pieces.

Inventory:

Armour
 a - a +0 robe (melded)
Scrolls
 b - 3 scrolls of identify
 f - 2 scrolls of fog
 g - a scroll of magic mapping
Potions
 c - a potion of invisibility
 d - 4 potions of berserk rage


   Skills:
 + Level 1.3 Fighting
 + Level 1.3 Short Blades
 + Level 1.3 Long Blades
 + Level 1.3 Axes
 + Level 1.3 Maces & Flails
 + Level 1.3 Polearms
 + Level 1.3 Staves
 + Level 1.3 Slings
 + Level 1.3 Bows
 + Level 1.3 Crossbows
 + Level 1.3 Throwing
 + Level 1.3 Armour
 + Level 4.7 Dodging
 + Level 4.3 Stealth
 + Level 1.3 Shields
 + Level 1.3 Unarmed Combat
 + Level 5.1 Spellcasting
 + Level 1.1 Conjurations
 + Level 1.1 Hexes
 + Level 7.1 Summonings
 + Level 1.1 Necromancy
 + Level 1.1 Translocations
 + Level 1.1 Transmutations
 + Level 1.1 Fire Magic
 + Level 1.1 Ice Magic
 + Level 1.1 Air Magic
 + Level 1.1 Earth Magic
 + Level 1.1 Poison Magic
 + Level 1.5 Invocations
 + Level 1.3 Evocations


You had 11 spell levels left.
You knew the following spells:

 Your Spells              Type           Power      Damage    Failure   Level
a - Summon Small Mammal   Summ           100%       N/A       1%          1
b - Call Imp              Summ           27%        N/A       1%          2

Your spell library contained the following spells:

 Spells                   Type           Power      Damage    Failure   Level
 Call Canine Familiar     Summ           27%        N/A       2%          3
 Summon Guardian Golem    Hex/Summ       17%        N/A       9%          3
 Summon Ice Beast         Ice/Summ       17%        N/A       26%         4
 Summon Lightning Spire   Summ/Air       17%        N/A       26%         4


Dungeon Overview and Level Annotations

Branches:
Dungeon (3/15)

Altars:
Gozag
Kikubaaqudgha
Xom

Annotations:
D:3 Crazy Yiuf


Innate Abilities, Weirdness & Mutations

((You have very sharp teeth.))
Your uncanny sense of smell can sniff out nearby items.
Your experience applies equally to all skills.


Message History

Unknown command.
Unknown command.
You hit Crazy Yiuf but do no damage.
Crazy Yiuf is severely wounded.
Crazy Yiuf says, "Prologue!
Shadow green action."
Crazy Yiuf hits you with a +4 quarterstaff of chaos!
You are electrocuted!
Your quokka misses Crazy Yiuf.
Unknown command.
You hit Crazy Yiuf.
Crazy Yiuf is almost dead.
Your quokka closely misses Crazy Yiuf.
Crazy Yiuf barely misses you.
You hit Crazy Yiuf but do no damage.
Crazy Yiuf is almost dead.
Your quokka barely misses Crazy Yiuf.
Crazy Yiuf hits you with a +4 quarterstaff of chaos!
* * * LOW HITPOINT WARNING * * *
You are lethally poisoned!
Your quokka bites Crazy Yiuf.
You turn into a tree.
Your +0 robe melds into your body.
Your roots penetrate the ground.
* * * LOW HITPOINT WARNING * * *
You feel sick. Crazy Yiuf hits you but does no damage.
You fade into invisibility!
You are very lightly contaminated with residual magic.
Your quokka bites Crazy Yiuf but does no damage.
You are too injured to fight recklessly!
Casting: Summon Small Mammal (safe; 1% risk of failure)
Confirm with . or Enter, or press ? or * to list all spells.
* * * LOW HITPOINT WARNING * * *
You feel sick.
Crazy Yiuf hits you with a +4 quarterstaff of chaos.
* * * LOW HITPOINT WARNING * * *
Your quokka bites Crazy Yiuf but does no damage.
You barely miss Crazy Yiuf.
Crazy Yiuf is almost dead.
* * * LOW HITPOINT WARNING * * *
You feel sick.
Your quokka bites Crazy Yiuf but does no damage.
Crazy Yiuf hits you but does no damage.
You are electrocuted!
You die...

# #.# #.# #..# #.......##.#.# #
#.# #.# ##.# #.########.#.#
###.#####.####.#####(########.#.#
.##........................<.....
#.##########################..#.#
.......# #.....(.#.# #.######
♣♣♣♣♣######...#.# ...# ###
♣♣♣r♣..#.####)..#.# #..#
#.§.#♣g♣♣.........<..#.# ...#
#...'r♣♣♣♣......##..)#.# #..#
#)..#♣♣ ♣♣.#..###...#.# .#.# ###
♣♣#### #...#.# ##.# #####...#.#
#.# #..##.#.#.# #.#
#############.#....#.# #.#
#.#......>....#..#.#.# #.#
#.##########..#..#.#.#


You could see Crazy Yiuf (wandering, ally target) and 2 friendly quokkas.

Vanquished Creatures
  3 adders
  A hobgoblin (D:3)
  A bat (D:2)
  A frilled lizard (D:2)
  A goblin (D:3)
7 creatures vanquished.

Vanquished Creatures (collateral kills)
  Ijyb (D:3)
  4 adders
  3 gnolls (D:2)
  An ooze (D:1)
  5 worms
  4 dart slugs
  2 leopard geckos (D:1)
  An orc (D:3)
  5 ball pythons
  10 bats
  5 giant cockroaches
  11 goblins
  7 hobgoblins
  2 frilled lizards
  3 kobolds
  6 rats
70 creatures vanquished.

Grand Total: 77 creatures vanquished

Notes
Turn   | Place    | Note
-------+----------+-------------------------------------------
     0 | D:1      | HendSelp the Gnoll Summoner began the quest for the Orb.
     0 | D:1      | Reached XP level 1. HP: 13/13 MP: 6/6
   501 | D:1      | Reached XP level 2. HP: 5/19 MP: 1/7
   737 | D:1      | Learned a level 2 spell: Call Imp
  2374 | D:2      | Found an opulent altar of Gozag.
  2382 | D:2      | Reached XP level 3. HP: 25/25 MP: 0/9
  2387 | D:2      | Reached skill level 5 in Spellcasting
  2400 | D:2      | Reached skill level 1 in Invocations
  2842 | D:2      | Reached skill level 1 in Fighting
  2842 | D:2      | Reached skill level 1 in Short Blades
  2842 | D:2      | Reached skill level 1 in Long Blades
  2842 | D:2      | Reached skill level 1 in Axes
  2842 | D:2      | Reached skill level 1 in Maces & Flails
  2842 | D:2      | Reached skill level 1 in Polearms
  2842 | D:2      | Reached skill level 1 in Staves
  2842 | D:2      | Reached skill level 1 in Slings
  2842 | D:2      | Reached skill level 1 in Bows
  2842 | D:2      | Reached skill level 1 in Crossbows
  2842 | D:2      | Reached skill level 1 in Throwing
  2842 | D:2      | Reached skill level 1 in Armour
  2842 | D:2      | Reached skill level 1 in Shields
  2842 | D:2      | Reached skill level 1 in Unarmed Combat
  2842 | D:2      | Reached skill level 1 in Evocations
  3242 | D:2      | Reached XP level 4. HP: 27/32 MP: 0/11
  3664 | D:2      | Found an ancient bone altar of Kikubaaqudgha.
  3665 | D:2      | Found a shimmering altar of Xom.
  4770 | D:3      | Found a runed translucent door.
  4771 | D:3      | Noticed Crazy Yiuf
  5193 | D:3      | Reached skill level 1 in Conjurations
  5193 | D:3      | Reached skill level 1 in Hexes
  5193 | D:3      | Reached skill level 1 in Necromancy
  5193 | D:3      | Reached skill level 1 in Translocations
  5193 | D:3      | Reached skill level 1 in Transmutations
  5193 | D:3      | Reached skill level 1 in Fire Magic
  5193 | D:3      | Reached skill level 1 in Ice Magic
  5193 | D:3      | Reached skill level 1 in Air Magic
  5193 | D:3      | Reached skill level 1 in Earth Magic
  5193 | D:3      | Reached skill level 1 in Poison Magic
  6027 | D:3      | Found a shimmering altar of Xom.
  6233 | D:3      | Noticed Ijyb
  7015 | D:3      | Killed Ijyb
  7016 | D:3      | Reached XP level 5. HP: 6/37 MP: 1/12
  7619 | D:3      | Mangled by Crazy Yiuf

Illustrated notes

Levels and vault maps discovered:
D:1:      dpeg_arrival_shelter, layout_loops_cross, minmay_quantized
D:2:      wander_river, layout_loops_ring, nicolae_overflow_hidden_temple,
          nicolae_gozag_seed_capital
D:3:      layout_basic, serial_park_tiny_pond, hex_medium, xom_teletrap_fun,
          uniq_crazy_yiuf_cottage, uniq_ijyb

Skill      XL: |  1  2  3  4 |
---------------+-------------+-----
Spellcasting   | 5 |  5.1
Invocations    | 1 |  1.5
Fighting       | 1 |  1.3
Short Blades   | 1 |  1.3
Long Blades    | 1 |  1.3
Axes           | 1 |  1.3
Maces & Flails | 1 |  1.3
Polearms       | 1 |  1.3
Staves         | 1 |  1.3
Slings         | 1 |  1.3
Bows           | 1 |  1.3
Crossbows      | 1 |  1.3
Throwing       | 1 |  1.3
Armour         | 1 |  1.3
Shields        | 1 |  1.3
Unarmed Combat | 1 |  1.3
Evocations     | 1 |  1.3
Conjurations   | 1 |  1.1
Hexes          | 1 |  1.1
Necromancy     | 1 |  1.1
Translocations | 1 |  1.1
Transmutations | 1 |  1.1
Fire Magic     | 1 |  1.1
Ice Magic      | 1 |  1.1
Air Magic      | 1 |  1.1
Earth Magic    | 1 |  1.1
Poison Magic   | 1 |  1.1
Dodging        | |  4.7
Stealth        | |  4.3
Summonings     | |  7.1

Action                   |  1- 3 |  4- 6 || total
-------------------------+-------+-------++-------
Melee: Unarmed           |    44 |    48 ||    92
       Bite              |     5 |     2 ||     7
 Cast: Summon Small Mamm |   166 |   293 ||   459
       Call Imp          |     6 |       ||     6
  Use: Scroll            |     7 |     3 ||    10
       Potion            |       |     1 ||     1
Armor: Robe              |     8 |    22 ||    30
       Skin              |       |     2 ||     2
Dodge: Dodged            |    58 |    85 ||   143

Table legend: (Time is in decaauts)
 A = Elapsed time spent in this place.
 B = Non-inter-level travel time spent in this place.
 C = Inter-level travel time spent in this place.
 D = Time resting spent in this place.
 E = Time spent auto-exploring this place.
 F = Levels seen in this place.
 G = Mean time per level.
                   A        B        C        D        E       F      G
               +--------+--------+--------+--------+--------+-----+--------+
         Total |   7645 |   7583 |     62 |     76 |   6390 |   3 | 2548.3 |
       Dungeon |   7645 |   7583 |     62 |     76 |   6390 |   3 | 2548.3 |
               +--------+--------+--------+--------+--------+-----+--------+

Top non-repeatable levels by time:
     D:3: 3046 daAuts
     D:1: 2373 daAuts
     D:2: 2224 daAuts
